[Event "*** Titled Tuesday Blitz"]
[Site "Chess.com"]
[Date "2021.03.30"]
[Round "9"]
[White "Gnechko_Ruslan"]
[Black "KrolPawel92OnTwitch"]
[Result "0-1"]
[WhiteElo "2480"]
[BlackElo "2628"]
[TimeControl "180+1"]
[EndTime "11:44:41 PDT"]
[Termination "KrolPawel92OnTwitch won by resignation"]

1. d4 Nf6 2. Nf3 b6 3. Bf4 Bb7 4. e3 d6 5. h3 Nbd7 6. Be2 g6 7. O-O Bg7 8. c4 c5 9. d5 O-O 10. Nc3 a6 11. a4 Qc7 12. Bh2 Rae8 13. Qc2 h6 14. Rad1 Kh7 15. Rfe1 Ng8 16. e4 Ne5 17. Nxe5 dxe5 18. Rf1 g5 19. Bg4 Rd8 20. Bf5+ Kh8 21.
Qe2 Bc8 22. Bxc8 Qxc8 23. g4 Qc7 24. f3 Nf6 25. Rd3 Rfe8 26. Nd1 Nd7 27. Ne3 Nf8 28. Nf5 Ng6 29. b3 e6 30. Nxg7 Kxg7 31. Rfd1 exd5 32.
Rxd5 Rxd5 33. Rxd5 Rd8 34. Qd3 Rxd5 35. Qxd5 f6 36.
Bg3 Ne7 37. Qe6 Nc6 38. h4 Nd4 39. Qd5 Nxf3+ 40. Kf2 Nd4 41. hxg5 hxg5 42. b4 cxb4 43. Ke1 Qc6 44. Qd8 Qxe4+ 0-1

[Event "*** Titled Tuesday Blitz"]
[Site "Chess.com"]
[Date "2021.03.30"]
[Round "9"]
[White "BlackWidow515"]
[Black "thechesscorner64"]
[Result "1-0"]
[WhiteElo "2198"]
[BlackElo "2326"]
[TimeControl "180+1"]
[EndTime "11:44:41 PDT"]
[Termination "BlackWidow515 won by resignation"]

1. d4 Nf6 2. Nf3 e6 3. g3 c5 4. Bg2 d5 5. O-O Nc6 6. b3 cxd4 7. Nxd4 Bc5 8. Nxc6 bxc6 9. Bb2 O-O 10. Nd2 Re8 11.
c4 Ba6 12. Rc1 Rc8 13. Re1 e5 14. Qc2 d4 15. Ne4 Nxe4 16. Bxe4 g6 17. e3 f5 18. Bg2 d3 19. Qc3 d2 20. Red1 dxc1=Q 21. Qxc1 Qe7 22.
Qc3 Rcd8 23. Rxd8 Rxd8 24. Bxc6 Rd1+ 25. Kg2 Bb7 26. Bxb7 Qxb7+ 27. Kh3 Rg1 28. Qxe5 Qg2+ 29. Kh4 Qxh2+ 30. Kg5 Qh5+ 31. Kf6 Bf8 32. Qe6+ Kh8 33. Kf7+ 1-0

[Event "*** Titled Tuesday Blitz"]
[Site "Chess.com"]
[Date "2021.03.30"]
[Round "9"]
[White "Tacticus_Severus"]
[Black "petincash"]
[Result "0-1"]
[WhiteElo "2068"]
[BlackElo "2288"]
[TimeControl "180+1"]
[EndTime "11:44:44 PDT"]
[Termination "petincash won on time"]

1. e4 d5 2. Nf3 Nf6 3. exd5 c6 4. Nc3 cxd5 5. d4 Nc6 6. Bf4 Bg4 7. Be2 e6 8. O-O a6 9. Ne5 Bxe2 10. Nxe2 Qb6 11. b3 Ba3 12. c4 O-O 13. c5 Qd8 14. Rb1 a5 15. Nc3 Bb4 0-1

[Event "*** Titled Tuesday Blitz"]
[Site "Chess.com"]
[Date "2021.03.30"]
[Round "9"]
[White "Zq1"]
[Black "MartinHollan"]
[Result "0-1"]
[WhiteElo "2511"]
[BlackElo "2444"]
[TimeControl "180+1"]
[EndTime "11:44:46 PDT"]
[Termination "MartinHollan won by resignation"]

1. d4 Nf6 2. c4 e6 3. Nf3 d5 4.
Nc3 dxc4 5. Bg5 Be7 6. e3 a6 7. a4 c5 8. Bxc4 Nc6 9. O-O cxd4 10.
exd4 Nb4 11. Ne5 Bd7 12. f4 Rc8 13. Kh1 Nc6 14. f5 Nxe5 15. dxe5 Rxc4 16. exf6 gxf6 17.
Bh6 Bc6 18. fxe6 Rg8 19. exf7+ Kxf7 20. Qh5+ Rg6 21. Rf2 Qd4 22. Raf1 Qg4 23. Qxg4 Rcxg4 0-1

[Event "*** Titled Tuesday Blitz"]
[Site "Chess.com"]
[Date "2021.03.30"]
[Round "9"]
[White "OlifantCZ"]
[Black "zala02"]
[Result "1-0"]
[WhiteElo "2286"]
[BlackElo "2143"]
[TimeControl "180+1"]
[EndTime "11:44:47 PDT"]
[Termination "OlifantCZ won on time"]

1. c4 c6 2. g3 d5 3. Bg2 Nf6 4. Nf3 Bf5 5. cxd5 cxd5 6. Qb3 Qc7 7. Nc3 e6 8. d3 Nc6 9. O-O Be7 10. Bf4 Qd7 11. Ne5 Nxe5 12. Bxe5 O-O 13. h3 Bg6 14. Rac1 Rac8 15. Nb5 a6 16. Na7 Rxc1 17. Rxc1 Ra8 18. Rc7 Qd8 19. Qxb7 Rb8 20. Qxa6 Ra8 21. Qb5 Ne8 22. Rd7 1-0

[Event "*** Titled Tuesday Blitz"]
[Site "Chess.com"]
[Date "2021.03.30"]
[Round "9"]
[White "dhaessel"]
[Black "Romadk"]
[Result "0-1"]
[WhiteElo "2039"]
[BlackElo "2311"]
[TimeControl "180+1"]
[EndTime "11:44:51 PDT"]
[Termination "Romadk won by checkmate"]

1. d4 Nf6 2. c4 e6 3. Nc3 Bb4 4. e3 O-O 5. Bd3 d5 6. cxd5 exd5 7. Ne2 Bd6 8. O-O Bxh2+ 9. Kxh2 Ng4+ 10. Kg3 h5 11.
Rh1 Qd6+ 12. f4 g6 13. Nb5 Qe7 14. b3 Nxe3 15. Bxe3 Qxe3+ 16. Kh2 Na6 17. Rc1 Nb4 18. Bb1 Bg4 19. Re1 Rae8 20. Rc3 Qf2 21. Nxc7 Rxe2 22. Qd2 Qxg2# 0-1

[Event "*** Titled Tuesday Blitz"]
[Site "Chess.com"]
[Date "2021.03.30"]
[Round "9"]
[White "Blitzking642"]
[Black "Chesswizard_2007"]
[Result "0-1"]
[WhiteElo "2440"]
[BlackElo "2678"]
[TimeControl "180+1"]
[EndTime "11:44:53 PDT"]
[Termination "Chesswizard_2007 won by resignation"]

1. e4 c5 2. Nf3 Nf6 3. e5 Nd5 4. Nc3 e6 5. Ne4 f5 6. Nc3 Nc7 7. d4 cxd4 8. Nxd4 Be7 9. Bf4 Nc6 10. Ndb5 Nxb5 11. Nxb5 O-O 12. h4 Qb6 13. Qd2 a6 14. Nc3 Qxb2 15. Rb1 Qa3 16. Bc4 Qa5 17. O-O Nxe5 18.
Be2 Bxh4 19. Qd6 Bf6 20. Rb3 Nf7 21. Qd3 d5 22. Bd2 Qc7 23. Bf3 Ne5 0-1

[Event "*** Titled Tuesday Blitz"]
[Site "Chess.com"]
[Date "2021.03.30"]
[Round "9"]
[White "AlexPapasimakopoulos"]
[Black "Cptn2"]
[Result "0-1"]
[WhiteElo "2618"]
[BlackElo "2532"]
[TimeControl "180+1"]
[EndTime "11:44:59 PDT"]
[Termination "Cptn2 won by checkmate"]

1. d4 Nf6 2. c4 b6 3. f3 Bb7 4.
e4 e5 5. dxe5 Nxe4 6. Nh3 Qh4+ 7. g3 Nxg3 8. hxg3 Qxg3+ 9. Nf2 Bxf3 10. Qb3 Bc5 11. Be3 Qxe5 12. Kd2 Bxh1 13. Nxh1 Qh2+ 14.
Nf2 O-O 15. Bxc5 bxc5 16. Qf3 Nc6 17. Nc3 Nd4 18. Qg2 Qh6+ 19. Kd3 Rfe8 20. Qg3 Nf5 21. Qg2 Re3+ 22. Kc2 Nd4+ 23. Kb1 Rb8 24. Nfd1 Re1 25. Bd3 Qf4 26. a3 Nb3 27. Ka2 Nxa1 28. Kxa1 Qc1+ 29. Ka2 Rxd1 30. Nxd1 Qxd1 31. Qh3 Qb3+ 32. Ka1 Qxb2# 0-1

[Event "*** Titled Tuesday Blitz"]
[Site "Chess.com"]
[Date "2021.03.30"]
[Round "9"]
[White "crazyluzhinTh3"]
[Black "Eloist"]
[Result "1-0"]
[WhiteElo "2530"]
[BlackElo "2357"]
[TimeControl "180+1"]
[EndTime "11:45:09 PDT"]
[Termination "crazyluzhinTh3 won by resignation"]

1. e4 e6 2. d4 d5 3. Nc3 Nf6 4. Bg5 dxe4 5. Nxe4 Be7 6. Bxf6 gxf6 7. Nf3 f5 8. Nc3 a6 9. Bc4 b5 10. Bb3 c5 11. dxc5 Qxd1+ 12. Rxd1 Bxc5 13. a4 b4 14. Ne2 Nc6 15. O-O Na5 16. Ne5 Nxb3 17. cxb3 f6 18. Nc4 Ke7 19. Rfe1 Rd8 20. Rxd8 Kxd8 21. Nf4 Ke7 22.
Nd3 Bd4 23. Nxb4 Bb7 24. Na5 Bc8 25. Nbc6+ Kd6 26. Nxd4 1-0

[Event "*** Titled Tuesday Blitz"]
[Site "Chess.com"]
[Date "2021.03.30"]
[Round "9"]
[White "eljanov"]
[Black "Borsuk_Konstantin"]
[Result "1-0"]
[WhiteElo "2853"]
[BlackElo "2662"]
[TimeControl "180+1"]
[EndTime "11:45:13 PDT"]
[Termination "eljanov won by resignation"]

1. Nf3 Nf6 2. c4 b6 3. d4 Bb7 4. g3 g6 5. Bg2 Bg7 6. O-O O-O 7. Qc2 c5 8. d5 b5 9. Nc3 bxc4 10. Nd2 Na6 11.
a3 Rb8 12. Nxc4 d6 13. Rd1 Nc7 14. Rb1 Nd7 15. Na5 Na8 16. Nc6 Bxc6 17. dxc6 Ndb6 18. b4 cxb4 19. axb4 Nc7 20. b5 a6 21. bxa6 Nxa6 22. Nb5 Nc7 23. Be3 Nba8 24. Nxc7 Nxc7 25. Rb7 Na6 26. c7 Nxc7 27. Qxc7 Rxb7 28. Qxd8 Rxd8 29. Bxb7 Bf6 30. Rc1 Kg7 31. Rc8 Rd7 32. Bc6 1-0

[Event "*** Titled Tuesday Blitz"]
[Site "Chess.com"]
[Date "2021.03.30"]
[Round "9"]
[White "poneis_malditos"]
[Black "gaby_przz"]
[Result "0-1"]
[WhiteElo "2287"]
[BlackElo "2459"]
[TimeControl "180+1"]
[EndTime "11:45:13 PDT"]
[Termination "gaby_przz won by checkmate"]

1. e4 c5 2. Nc3 Nc6 3. g3 Rb8 4.
Bg2 b5 5. d3 g6 6. Be3 d6 7.
Qd2 Bg7 8. Nge2 Qa5 9. Nc1 b4 10. Nd1 Bd7 11. Nb3 Qc7 12. c3 Nf6 13. h3 a5 14. Bh6 Bxh6 15. Qxh6 a4 16. Nd2 bxc3 17. bxc3 Ne5 18. Qe3 Bb5 19. c4 Bd7 20. O-O Nc6 21.
Nc3 Nd4 22. Rab1 O-O 23. f4 Bc6 24. f5 Nd7 25. g4 Ne5 26. Nd5 Bxd5 27. exd5 Rxb1 28.
Nxb1 Rb8 29. fxg6 hxg6 30. Nc3 a3 31. Ne4 Rb2 32. Ng5 Qa5 33. Qe4 Qd2 34. Nxf7 Nef3+ 35. Rxf3 Qxg2# 0-1

[Event "*** Titled Tuesday Blitz"]
[Site "Chess.com"]
[Date "2021.03.30"]
[Round "9"]
[White "QuintilianoR"]
[Black "CM_rui"]
[Result "1-0"]
[WhiteElo "2712"]
[BlackElo "2443"]
[TimeControl "180+1"]
[EndTime "11:45:14 PDT"]
[Termination "QuintilianoR won by resignation"]

1. e4 e5 2. Nf3 Nc6 3. Bc4 Bc5 4. O-O Nf6 5. d3 O-O 6. h3 h6 7. Re1 d5 8. exd5 Nxd5 9. Nbd2 Bb6 10. Nxe5 Nxe5 11. Rxe5 Nf4 12. Nf3 Qf6 13. d4 Rd8 14.
Bxf4 Qxf4 15. Qe2 Be6 16. Bxe6 fxe6 17. c3 Re8 18. Re1 c5 19. dxc5 Bc7 20. Rxe6 Rf8 21.
Re7 Rad8 22. Qe6+ Kh8 23. Qg6 Rg8 24. Rf7 1-0

[Event "*** Titled Tuesday Blitz"]
[Site "Chess.com"]
[Date "2021.03.30"]
[Round "9"]
[White "BJthechessgod"]
[Black "karinachess1"]
[Result "0-1"]
[WhiteElo "2327"]
[BlackElo "2493"]
[TimeControl "180+1"]
[EndTime "11:45:17 PDT"]
[Termination "karinachess1 won by resignation"]

1. e4 e5 2. Nf3 d5 3. exd5 e4 4.
Qe2 Nf6 5. Nc3 Be7 6. Nxe4 O-O 7.
d3 Nxd5 8. Bd2 f5 9. Nc3 Bf6 10. Qd1 Re8+ 11. Be2 Bxc3 12. bxc3 Qe7 13. c4 Nf6 14. h3 Nc6 15. Be3 Nh5 16. g3 Nxg3 17. fxg3 Qxe3 18. Rf1 Nd4 19. Nxd4 Qxd4 20. Kd2 Qe3+ 21.
Ke1 Qxg3+ 22. Kd2 Qe3+ 23. Ke1 f4 24. Rf3 Qxf3 0-1

[Event "*** Titled Tuesday Blitz"]
[Site "Chess.com"]
[Date "2021.03.30"]
[Round "9"]
[White "esteban062000"]
[Black "larisakalinina"]
[Result "1-0"]
[WhiteElo "2157"]
[BlackElo "1964"]
[TimeControl "180+1"]
[EndTime "11:45:21 PDT"]
[Termination "esteban062000 won on time"]

1. Nf3 c5 2. c4 Nf6 3. b3 g6 4. Bb2 Bg7 5. g3 O-O 6. Bg2 Nc6 7. O-O d6 8. e3 Bf5 9. a3 Qd7 10. Qe2 Bh3 11. Rd1 Bxg2 12. Kxg2 d5 13. cxd5 Qxd5 14. Qc4 Qxc4 15. bxc4 Na5 16. d3 Rfd8 17. Nc3 Nd7 18. Rab1 b6 19. Nd5 Bxb2 20. Rxb2 e5 21. Nd2 f5 22. f4 Kf7 23. Nf3 e4 24. Ng5+ Kg8 25. Ne6 exd3 26. Nxd8 Nxc4 27. Rb3 1-0

[Event "*** Titled Tuesday Blitz"]
[Site "Chess.com"]
[Date "2021.03.30"]
[Round "9"]
[White "DeTimmerman"]
[Black "albi1999"]
[Result "1-0"]
[WhiteElo "2754"]
[BlackElo "2613"]
[TimeControl "180+1"]
[EndTime "11:45:29 PDT"]
[Termination "DeTimmerman won by checkmate"]

1. b4 e5 2. Bb2 Bxb4 3. Bxe5 Nf6 4. Nc3 O-O 5. Bxf6 Qxf6 6. Nd5 Qd6 7. c4 Ba5 8. e3 c6 9. Nf4 Re8 10. Be2 Qf6 11. Nf3 Bc7 12. Nh5 Qg6 13. Ng3 d6 14.
O-O Nd7 15. d4 Nf6 16. Rb1 d5 17. Bd3 Qh6 18. Qc2 Bg4 19. Rxb7 Rac8 20. Bf5 Bxf5 21.
Qxf5 dxc4 22. Rc1 Bb6 23. Rxc4 Re6 24. Ne5 Rce8 25. Rxc6 Bxd4 26. Ng4 Nxg4 27. Qxf7+ Kh8 28. Rxe6 Qxh2+ 29. Kf1 Rg8 30. Qxg8+ Kxg8 31. Re8# 1-0

[Event "*** Titled Tuesday Blitz"]
[Site "Chess.com"]
[Date "2021.03.30"]
[Round "9"]
[White "MasterMK73"]
[Black "Smile2005"]
[Result "0-1"]
[WhiteElo "2262"]
[BlackElo "2435"]
[TimeControl "180+1"]
[EndTime "11:45:33 PDT"]
[Termination "Smile2005 won by resignation"]

1. e4 c5 2. Nf3 a6 3. c4 g6 4. Nc3 Bg7 5. d4 cxd4 6. Nxd4 d6 7. Be2 Nc6 8. Nc2 Nf6 9. Be3 O-O 10. O-O Be6 11.
Rc1 Rc8 12. f3 Ne5 13. b3 b5 14. Nd4 bxc4 15. Nxe6 fxe6 16. Na4 cxb3 17. Qxb3 d5 18. Nc5 Qd6 19. f4 Rb8 20. Qa3 Nxe4 21. fxe5 Bxe5 22.
h3 Bh2+ 23. Kh1 Ng3+ 0-1

[Event "*** Titled Tuesday Blitz"]
[Site "Chess.com"]
[Date "2021.03.30"]
[Round "9"]
[White "Spriteball"]
[Black "Make_it_shine060"]
[Result "1-0"]
[WhiteElo "2352"]
[BlackElo "2195"]
[TimeControl "180+1"]
[EndTime "11:45:33 PDT"]
[Termination "Spriteball won by resignation"]

1. d4 Nf6 2. c4 g6 3. Nc3 d5 4. cxd5 Nxd5 5. e4 Nxc3 6. bxc3 Bg7 7. Nf3 c5 8. Be2 O-O 9. O-O Bg4 10. Be3 Nc6 11.
d5 Bxf3 12. Bxf3 Ne5 13. Be2 Qa5 14. Qc2 f5 15. f4 Nd7 16. e5 g5 17. g3 gxf4 18. gxf4 Kh8 19. Kh1 c4 20. Bxc4 Rac8 21. Qb3 Nc5 22. Qb4 Qxb4 23. cxb4 Ne4 24. Rac1 a6 25. Bb3 b5 26. Rfd1 Bh6 27. Rxc8 Rxc8 28.
d6 Bf8 29. d7 Rd8 30. Bb6 Rb8 31. d8=Q Rxd8 32. Rxd8 1-0

[Event "*** Titled Tuesday Blitz"]
[Site "Chess.com"]
[Date "2021.03.30"]
[Round "9"]
[White "ViktoriyaTarasova"]
[Black "Baron_von_Koenig"]
[Result "1-0"]
[WhiteElo "2422"]
[BlackElo "2538"]
[TimeControl "180+1"]
[EndTime "11:45:34 PDT"]
[Termination "ViktoriyaTarasova won by checkmate"]

1. d4 b6 2. e4 Bb7 3. Bd3 Nf6 4. Qe2 Nc6 5. c3 e5 6. d5 Ne7 7. Nf3 Ng6 8. h4 d6 9. h5 Ne7 10. h6 g6 11. Bg5 Nd7 12. Bb5 c6 13. dxc6 Bxc6 14.
Bxc6 Rc8 15. Ba4 Qc7 16. Nbd2 Nc6 17. Qc4 Qb7 18. Qe2 a6 19. Be3 Be7 20. Bb3 Na5 21.
Bd5 Qa7 22. Rc1 Nf6 23. b4 Nb7 24. Bb3 O-O 25. a4 a5 26. O-O Rc6 27. Bg5 Rfc8 28. Bxf6 Bxf6 29. bxa5 Nxa5 30. Bd5 Rxc3 31. Rxc3 Rxc3 32.
Qb5 Rc7 33. Qe8# 1-0

[Event "*** Titled Tuesday Blitz"]
[Site "Chess.com"]
[Date "2021.03.30"]
[Round "9"]
[White "m-garcett"]
[Black "chessmachine14"]
[Result "1-0"]
[WhiteElo "2154"]
[BlackElo "2312"]
[TimeControl "180+1"]
[EndTime "11:45:34 PDT"]
[Termination "m-garcett won on time"]

1. e4 c5 2. Nf3 g6 3. d4 cxd4 4. Qxd4 Nf6 5. Nc3 Bg7 6. e5 Nc6 7. Qa4 Ng8 8. Bf4 Nh6 9. O-O-O O-O 10. Bc4 a6 11. e6 fxe6 12. Bxe6+ Kh8 13. Qe4 Qa5 14.
Bb3 Nf5 15. g4 d6 16. gxf5 Bxf5 17. Qe3 e5 18. Bh6 Nb4 19. Bxg7+ Kxg7 20. Nd2 Rac8 21.
Nde4 d5 22. Nxd5 Nxa2+ 23. Kb1 Nb4 24. Nec3 Nxd5 25. Rxd5 Qb6 26. Qxe5+ 1-0

[Event "*** Titled Tuesday Blitz"]
[Site "Chess.com"]
[Date "2021.03.30"]
[Round "9"]
[White "DKmirl"]
[Black "AustrianFalcon"]
[Result "0-1"]
[WhiteElo "1964"]
[BlackElo "2435"]
[TimeControl "180+1"]
[EndTime "11:45:34 PDT"]
[Termination "AustrianFalcon won by checkmate"]

1. d4 Nf6 2. c4 d6 3. Nf3 Nbd7 4. g3 e5 5. Bg2 c6 6. O-O e4 7. Ne1 d5 8. cxd5 cxd5 9. Nc3 Bd6 10. Nc2 h5 11. h4 Nb6 12. Ne3 Be6 13. a4 Qd7 14.
a5 Nc8 15. Qa4 Ne7 16. Qxd7+ Kxd7 17. Nb5 Bb8 18. Bd2 a6 19. Nc3 Bd6 20. Na4 Rag8 21. Nb6+ Kc7 22. Rac1+ Kb8 23. Nc2 Nf5 24. Bb4 Bxb4 25.
Nxb4 Nxd4 26. Rfe1 g5 27. hxg5 Rxg5 28. Rcd1 Nc6 29.
Nxc6+ bxc6 30. Na4 h4 31. Kf1 hxg3 32. fxg3 Rxg3 33.
e3 Rh2 34. Rd2 Bh3 35. Nc5 Rh1+ 36. Kf2 Rxg2# 0-1

[Event "*** Titled Tuesday Blitz"]
[Site "Chess.com"]
[Date "2021.03.30"]
[Round "9"]
[White "xozr"]
[Black "NiranjanNavalgund"]
[Result "1-0"]
[WhiteElo "2371"]
[BlackElo "2491"]
[TimeControl "180+1"]
[EndTime "11:45:36 PDT"]
[Termination "xozr won by resignation"]

1. e4 e5 2. Nf3 Nc6 3. Bb5 a6 4. Bxc6 dxc6 5. O-O Bg4 6. h3 Bxf3 7. Qxf3 Qd7 8. Qg3 f6 9. d3 h5 10. f4 h4 11.
Qg6+ Kd8 12. fxe5 Bc5+ 13. Kh1 Kc8 14. exf6 Nxf6 15. Nc3 Kb8 16. Bf4 Ka7 17. e5 Nh5 18. Bh2 Rh6 19. Qf7 Qd4 20. Ne4 Bb6 21. e6 Rah8 22. e7 Qd7 23. Rae1 Re6 24. Ng5 Rxe1 25. Rxe1 Nf6 26. Qxg7 Bf2 27. Qxh8 Bxe1 28. Qxf6 Bb4 29. Qe6 Qe8 30. Bxc7 Bxe7 31. Bd6 Qh5 32. Qxe7 Qd1+ 33. Kh2 a5 34. Bc5+ Ka6 35. Qc7 1-0

[Event "*** Titled Tuesday Blitz"]
[Site "Chess.com"]
[Date "2021.03.30"]
[Round "9"]
[White "lukazz029"]
[Black "VladimirBugayev"]
[Result "1-0"]
[WhiteElo "2170"]
[BlackElo "2263"]
[TimeControl "180+1"]
[EndTime "11:45:39 PDT"]
[Termination "lukazz029 won on time"]

1. e4 c6 2. d4 d5 3. Nc3 dxe4 4. Nxe4 Nf6 5. Nxf6+ exf6 6. c3 Bd6 7. Bc4 O-O 8. Ne2 Re8 9. O-O Be6 10. Bd3 Nd7 11. Ng3 g6 12. Re1 Qc7 13. b3 b5 14. c4 bxc4 15.
bxc4 Bb4 16. Bd2 Bf8 17. Rc1 Nb6 18. Qf3 Qd7 19. Be3 f5 20. Ne2 Rad8 21. Nf4 Bg7 22. Nxe6 Rxe6 23. Red1 Rd6 24. c5 Rd5 25. cxb6 axb6 26.
Bc4 Ra5 27. Bb3 Qe7 28. g3 c5 29. dxc5 Rxd1+ 30. Rxd1 bxc5 31. Qd5 1-0

[Event "*** Titled Tuesday Blitz"]
[Site "Chess.com"]
[Date "2021.03.30"]
[Round "9"]
[White "pavelalexandru07"]
[Black "marianokar"]
[Result "0-1"]
[WhiteElo "2297"]
[BlackElo "2501"]
[TimeControl "180+1"]
[EndTime "11:45:43 PDT"]
[Termination "marianokar won by checkmate"]

1. e4 c5 2. Nf3 e6 3. d4 cxd4 4. Nxd4 a6 5. c4 Nf6 6. Nc3 Qc7 7. a3 d6 8. Be3 b6 9. Be2 Bb7 10. f3 Nbd7 11. O-O Be7 12. Qd2 O-O 13. b4 Rac8 14. Rfc1 Qb8 15. Qe1 Bd8 16. Qf2 Bc7 17. g3 h5 18.
Rab1 Rfe8 19. a4 h4 20. a5 hxg3 21. hxg3 d5 22. axb6 Bxg3 23. Qg2 dxc4 24. Na4 Bf4 25. Bxf4 Qxf4 26. Rxc4 Rxc4 27. Bxc4 Ne5 28. Be2 Nxe4 29. fxe4 Bxe4 30. Rf1 Qe3+ 31. Qf2 Qg5+ 32. Kh2 Qh6+ 33. Kg3 f5 34. Qf4 g5 35. Qxe5 Qh4# 0-1

[Event "*** Titled Tuesday Blitz"]
[Site "Chess.com"]
[Date "2021.03.30"]
[Round "9"]
[White "Msb2"]
[Black "Srinavasan"]
[Result "1/2-1/2"]
[WhiteElo "2924"]
[BlackElo "2984"]
[TimeControl "180+1"]
[EndTime "11:45:44 PDT"]
[Termination "Game drawn by repetition"]

1. d4 Nf6 2. Nf3 g6 3. Nc3 d5 4.
Bf4 Bg7 5. e3 O-O 6. Nb5 Na6 7.
h3 c6 8. Nc3 b6 9. Bd3 c5 10.
Nb5 Bd7 11. a4 Nb4 12. Be2 a6 13. Nc3 Bf5 14. Rc1 Bc8 15. O-O Bb7 16. Ne5 Rc8 17.
Bf3 Ne4 18. Bxe4 dxe4 19. dxc5 bxc5 20. Nc4 Nd5 21. Nxd5 Bxd5 22. Qe2 Bxc4 23. Qxc4 Bxb2 24. Rb1 Bf6 25. Qxa6 Ra8 26. Qc4 Qa5 27. Rb5 Qxa4 28. Rxc5 Qxc4 29. Rxc4 Rfc8 30. Rxe4 Rxc2 31. Be5 Bxe5 32.
Rxe5 e6 33. Re4 Kg7 34. Rd4 Raa2 35. Rdd1 g5 36. Rc1 Rd2 37. Rcd1 Re2 38. Rde1 Reb2 39. Rb1 Rc2 40. Rbc1 Rd2 41. Rcd1 Rdc2 42. Rc1 1/2-1/2

[Event "*** Titled Tuesday Blitz"]
[Site "Chess.com"]
[Date "2021.03.30"]
[Round "9"]
[White "attack2mateU"]
[Black "Taktikmonster"]
[Result "1-0"]
[WhiteElo "2732"]
[BlackElo "2391"]
[TimeControl "180+1"]
[EndTime "11:45:44 PDT"]
[Termination "attack2mateU won by checkmate"]

1. e4 c5 2. Nf3 d6 3. d4 cxd4 4. Nxd4 Nf6 5. Nc3 Nc6 6. Bg5 e6 7. Qd2 a6 8. O-O-O Bd7 9. f3 Nxd4 10. Qxd4 h6 11. Be3 Bc6 12. Kb1 d5 13. e5 Nd7 14. f4 Be7 15. Qd2 Qa5 16. Qf2 O-O 17.
Ne2 Nc5 18. Nd4 Ne4 19. Qf3 Bd7 20. Bd3 Nc5 21. f5 Nxd3 22. Rxd3 exf5 23. Nxf5 Bxf5 24.
Qxf5 Rad8 25. Rf1 Qb4 26. Rd4 Qb5 27. Rg4 g6 28. Bxh6 Ba3 29. Rxg6+ Kh7 30. Rg7+ Kxh6 31. Qg5# 1-0

[Event "*** Titled Tuesday Blitz"]
[Site "Chess.com"]
[Date "2021.03.30"]
[Round "9"]
[White "Orest_Vovk"]
[Black "paulrusan"]
[Result "1-0"]
[WhiteElo "2484"]
[BlackElo "2317"]
[TimeControl "180+1"]
[EndTime "11:45:45 PDT"]
[Termination "Orest_Vovk won by resignation"]

1. Nf3 c5 2. Rg1 Nc6 3. g4 e5 4. d3 d5 5. c3 f6 6. g5 f5 7.
g6 hxg6 8. Rxg6 Nge7 9. Rg5 g6 10.
h4 e4 11. dxe4 dxe4 12. Qxd8+ Nxd8 13. Ne5 Nf7 14. Nxg6 Nxg5 15. Nxh8 Ne6 16. h5 Bg7 17. Ng6 Nxg6 18. hxg6 Bd7 19. Na3 O-O-O 20. Bh3 Nf8 21. Bg5 Re8 22. Nc4 Kc7 23. Bf4+ Kc6 24. O-O-O Ne6 25.
Rd6+ Kb5 26. b3 b6 27. Rxd7 Nxf4 28. Rxg7 Nxh3 29. Nd6+ Kc6 30. Nxe8 Nxf2 31. Rc7+ Kb5 32. g7 1-0

[Event "*** Titled Tuesday Blitz"]
[Site "Chess.com"]
[Date "2021.03.30"]
[Round "9"]
[White "kekic76"]
[Black "Kapibara_Warri0r"]
[Result "1-0"]
[WhiteElo "2379"]
[BlackElo "2234"]
[TimeControl "180+1"]
[EndTime "11:45:45 PDT"]
[Termination "kekic76 won by resignation"]

1. e4 c6 2. Nc3 d5 3. Nf3 d4 4.
Ne2 c5 5. Ng3 Nc6 6. Bb5 e6 7. O-O Bd6 8. Bxc6+ bxc6 9. d3 e5 10.
a4 Ne7 11. b3 O-O 12. Bd2 Kh8 13.
Nh4 f5 14. Nhxf5 Nxf5 15. Nxf5 Bxf5 16. exf5 Rxf5 17. f3 Qf6 18. Re1 Rf8 19. Re4 Rh5 20.
Be1 Qg6 21. Bg3 Rhf5 22. Qe2 Qg5 23. Re1 Re8 24. Rg4 Qh5 25. Qe4 Rg5 26. Rxg5 Qxg5 27. Qxc6 Qg6 28. Re4 Rf8 29. Bxe5 Bxe5 30. Qxg6 Bxh2+ 31. Kxh2 hxg6 32. Re7 a6 33. Re6 Kh7 34. Rxa6 Re8 35.
Rc6 Re5 36. a5 Kh6 37. a6 Re7 38. Rxc5 Ra7 39. Ra5 g5 40. b4 1-0

[Event "*** Titled Tuesday Blitz"]
[Site "Chess.com"]
[Date "2021.03.30"]
[Round "9"]
[White "TosicSrecko"]
[Black "VD_coach"]
[Result "0-1"]
[WhiteElo "2320"]
[BlackElo "2486"]
[TimeControl "180+1"]
[EndTime "11:45:46 PDT"]
[Termination "VD_coach won by resignation"]

1. d4 Nf6 2. Bg5 Ne4 3. Bf4 d5 4. e3 e6 5. Bd3 Bd6 6. Bxe4 dxe4 7. Nc3 Bxf4 8. exf4 Nc6 9. Nge2 O-O 10. Nxe4 b6 11.
c3 Bb7 12. O-O Nxd4 13. Qxd4 Qxd4 14. Nxd4 Bxe4 15. Rfe1 Bd5 16. Nb5 Rfc8 17. b3 a6 18. Nd4 c5 19. Nc2 Rd8 20. Rad1 Kf8 21. Ne3 a5 22. f5 a4 23. c4 Bc6 24. fxe6 fxe6 25. Ng4 axb3 26. axb3 Rxd1 27. Rxd1 Ra3 28. Ne5 Be4 29. Re1 Rxb3 30. f3 Rb1 31. Rxb1 Bxb1 32. Nd7+ Ke7 33. Nxb6 Kd6 34. Na4 Ba2 35. Nb2 Ke5 36.
Nd3+ Kd4 37. Nf4 Bxc4 0-1

[Event "*** Titled Tuesday Blitz"]
[Site "Chess.com"]
[Date "2021.03.30"]
[Round "9"]
[White "dosto07"]
[Black "SilviusTiberius"]
[Result "0-1"]
[WhiteElo "2411"]
[BlackElo "2559"]
[TimeControl "180+1"]
[EndTime "11:45:48 PDT"]
[Termination "SilviusTiberius won on time"]

1. e4 e5 2. Nf3 Nc6 3. Bb5 Nf6 4. d3 d6 5. O-O g6 6. Nc3 Bg7 7. d4 exd4 8. Nxd4 Bd7 9. Bg5 h6 10. Bh4 O-O 11. Bxc6 bxc6 12. f4 Qb8 13. Qd2 Qxb2 14. Rab1 Nxe4 15. Nxe4 Qxd4+ 16. Qxd4 Bxd4+ 17. Bf2 Bxf2+ 18. Kxf2 Bf5 19. Ng3 Bxc2 20. Rb7 Rfc8 21. Rc1 Ba4 22. f5 c5 23. fxg6 fxg6 24. Re1 Bc6 25. Rb3 Rf8+ 26.
Kg1 Rae8 27. Rbe3 Rxe3 28. Rxe3 a5 29. h4 Rf4 30. h5 gxh5 31. Nxh5 Ra4 32. Re7 Rxa2 33.
Nf6+ Kf8 34. Rxc7 Bxg2 35. Nd7+ Ke8 36. Nf6+ Kd8 37. Ra7 c4 38. Ra8+ Bxa8 0-1

[Event "*** Titled Tuesday Blitz"]
[Site "Chess.com"]
[Date "2021.03.30"]
[Round "9"]
[White "dpopadic"]
[Black "Mihnea2017"]
[Result "0-1"]
[WhiteElo "2292"]
[BlackElo "2459"]
[TimeControl "180+1"]
[EndTime "11:45:51 PDT"]
[Termination "Mihnea2017 won by resignation"]

1. e4 c6 2. d4 d5 3. Nd2 dxe4 4. Nxe4 Bf5 5. Ng3 Bg6 6. h4 h6 7. Nf3 e6 8. Ne5 Bh7 9. Bc4 Nd7 10. Qe2 Nxe5 11.
dxe5 Ne7 12. Bb3 Nd5 13. Bd2 Be7 14. h5 Bg5 15. O-O-O Bxd2+ 16. Rxd2 Qg5 17. Bxd5 exd5 18. e6 O-O 19. e7 Rfe8 20. Re1 Rac8 21. Qe5 Qxe5 22.
Rxe5 f6 23. Re3 Rc7 24. c4 dxc4 25. Rde2 Kf7 26. f4 Rcxe7 27. Rxe7+ Rxe7 28. Rxe7+ Kxe7 29. Kd2 Kd6 30. Kc3 Kc5 31. a3 b5 32. Nf1 a5 33.
Ne3 b4+ 34. axb4+ axb4+ 35. Kd2 Kd4 36. g3 Bd3 37. Nd1 c5 38. g4 Be4 39. Nf2 Bf3 40. Nh3 Bxg4 0-1

[Event "*** Titled Tuesday Blitz"]
[Site "Chess.com"]
[Date "2021.03.30"]
[Round "9"]
[White "Pantata007"]
[Black "LamaChampetre"]
[Result "0-1"]
[WhiteElo "2347"]
[BlackElo "2224"]
[TimeControl "180+1"]
[EndTime "11:45:51 PDT"]
[Termination "LamaChampetre won on time"]

1. d4 Nf6 2. c4 g6 3. Nc3 d5 4.
cxd5 Nxd5 5. e4 Nxc3 6. bxc3 Bg7 7. Nf3 c5 8. Be3 Nc6 9. Rc1 Qa5 10. d5 Ne5 11. Nd2 Ng4 12. Bg5 Bxc3 13. Be2 Nf6 14. O-O O-O 15. Nc4 Qc7 16. Rxc3 Nxe4 17. Rg3 Nxg3 18. hxg3 b5 19. Ne3 c4 20. Qd4 Rd8 21.
Bf4 Qd7 22. Bf3 Bb7 23. Rd1 Rac8 24. Ng4 f6 25. d6 Bxf3 26. gxf3 Qe6 27. dxe7 Rxd4 0-1